 Dungeon Crawl Stone Soup version 0.30.0-10-gfe55d96785 (webtiles) character file.

Game seed: 6734660168287697571

65 Pimp the Shooter (level 3, -2/21 HPs)
             Began as a Deep Elf Hunter on May 13, 2023.
             Slain by Natasha (4 damage)
             ... on level 2 of the Dungeon.
             The game lasted 00:02:21 (928 turns).

Pimp the Shooter (Deep Elf Hunter)                   Turns: 928, Time: 00:02:21

Health: -2/21      AC:  3    Str:  8    XL:     3   Next: 94%
Magic:  5/5        EV: 13    Int: 13    God:
Gold:   41         SH:  0    Dex: 20    Spells: 2/2 levels left

rFire   . . .        l - +1 dagger (venom)
rCold   . . .        (no shield)
rNeg    . . .        c - +0 leather armour
rPois   .            (no helmet)
rElec   .            (no cloak)
rCorr   .            (no gloves)
SInv    .            (no boots)
Will    .....        (no amulet)
Stlth   ++           (no ring)
HPRegen 0.23/turn    (no ring)
MPRegen 0.09/turn

%: no passive effects
@: slowed, very slow
A: no striking features
a: no special abilities


You were on level 2 of the Dungeon.
You visited 1 branch of the dungeon, and saw 2 of its levels.

You collected 41 gold pieces.

Inventory:

Hand Weapons
 a - a +0 shortbow
 e - a +0 short sword
 l - a +1 dagger of venom (weapon)
Armour
 c - a +0 leather armour (worn)
 m - the +1 pair of boots of the Eternal Void {Rampage rC+++ Will+ Str-2}
   (You acquired it on level 2 of the Dungeon)

   Str:       It affects your strength (-2).
   rC:        It renders you almost immune to cold.
   Rampage:   It bestows one free step when moving towards enemies.
   Will:      It increases your willpower.
Jewellery
 k - a ring of magical power
 n - a ring of resist corrosion
Wands
 f - a wand of roots (3)
Scrolls
 b - 3 scrolls of immolation
Potions
 d - a potion of curing {unknown}
 g - a potion of magic
 h - a potion of might {unknown}
 i - a potion of attraction {unknown}
 j - a potion of flight {unknown}


   Skills:
 + Level 2.2 Fighting
 + Level 5.8 Ranged Weapons
 + Level 3.3 Dodging
 + Level 2.6 Stealth


You had 2 spell levels left.
You didn't know any spells.
Your spell library contained the following spells:

 Spells                   Type           Power      Damage    Failure   Level
 Ensorcelled Hibernation  Hex/Ice        0%         N/A       56%         2
 Passwall                 Tmut/Erth      0%         N/A       56%         2
 Swiftness                Air            0%         N/A       80%         3
 Tukima's Dance           Hex            0%         N/A       80%         3
 Passage of Golubria      Tloc           0%         N/A       99%         4
 Yara's Violent Unravell  Hex/Tmut       0%         3d3       100%        5


Dungeon Overview and Level Annotations

Branches:
Dungeon (2/15)

Altars:

Annotations:
D:2 Natasha


Message History

You shoot an arrow. The arrow hits the adder!
You kill the adder!
You see here an adder corpse.
n - a ring of resist corrosion
There is a stone staircase leading down here.
Natasha, Servant of Life and Death comes into view.
Natasha mumbles some strange words.
You feel disoriented.
Natasha stares at you and mumbles some strange words.
You feel yourself slow down.
This is a scroll of acquirement!
Something appears at your feet!
Natasha drinks a potion.
Natasha's spells are empowered!
Unknown command.
m - the +1 pair of boots of the Eternal Void {Rampage rC+++ Will+ Str-2} Your +1 dagger of venom begins to drip with poison!
l - a +1 dagger of venom (weapon)
Natasha stares at you and mumbles some strange words.
You feel as though you will be slow longer.
You hit Natasha.
Natasha is moderately wounded.
Natasha barely misses you.
You barely miss Natasha.
Natasha is moderately wounded.
Natasha claws you.
Natasha casts a spell.
You closely miss Natasha.
Natasha is moderately wounded.
Natasha claws you. The cerulean imp barely misses you.
You hit Natasha.
Natasha is poisoned.
Natasha is moderately wounded.
Natasha claws you.
* * * LOW HITPOINT WARNING * * *
The cerulean imp hits you from afar with a +0 spear.
* * * LOW HITPOINT WARNING * * *
Natasha claws you.
* * * LOW HITPOINT WARNING * * *
The cerulean imp closely misses you.
It was a potion of magic.
Magic courses through your body. Natasha claws you.
You die...

....# ####.h.#
......# #####+##
..h.. .. #...# . ...
##.###.#.## ...####.#
#...#.###.#
........###5.##.#
#.##
.)........h..#.##
##.# ......#####@##.#
#.## ........ #.#.##
##.# ...#..##.##.#†##
#.# .. #..........)#
#.# .
....P....#..#### #.#
.
###.P♣..........###.#
.#
.♣P_.P♣##..##...>.#
.# ..PP♣.##..########
. ##..♣......#


You could see Natasha (empowered, very poisoned) and a cerulean imp (summoned).

Vanquished Creatures
  An adder (D:2)
  A dart slug (D:1)
  4 ball pythons (D:1)
  4 bats (D:1)
  3 endoplasms (D:1)
  4 giant cockroaches (D:1)
  3 hobgoblins
  10 jackals
  5 quokkas (D:1)
  2 frilled lizards (D:1)
  4 goblins
  3 kobolds (D:1)
  4 rats (D:1)
48 creatures vanquished.

Notes
Turn   | Place    | Note
-------+----------+-------------------------------------------
     0 | D:1      | Pimp the Deep Elf Hunter began the quest for the Orb.
     0 | D:1      | Reached XP level 1. HP: 12/12 MP: 3/3
    76 | D:1      | Reached XP level 2. HP: 17/17 MP: 4/4
   321 | D:1      | Reached XP level 3. HP: 21/21 MP: 5/5
   869 | D:2      | Found a faded altar of an unknown god.
   916 | D:2      | Noticed Natasha
   917 | D:2      | Identified a scroll of acquirement
   917 | D:2      | Acquired the +1 pair of boots of the Eternal Void {Rampage
                  | rC+++ Will+ Str-2}
   927 | D:2      | HP: 1/21 [Natasha (1)]
   928 | D:2      | Slain by Natasha

Illustrated notes

Levels and vault maps discovered:
D:1:      ncdulo_halloftheorcs, layout_basic, minmay_bisected
D:2:      layout_loops_cross, ebering_ecumenical_altar_petrified,
          grunt_decor_clamped, uniq_natasha

Skill      XL: |  1  2 |
---------------+-------+-----
Stealth        | 2 |  2.6
Fighting       | 2 |  2.2
Dodging        | 3 |  3.3
Ranged Weapons | |  5.8

Action                     || total
---------------------------++-------
  Melee: Dagger            ||     4
   Fire: Shortbow          ||   117
    Use: Scroll            ||     3
         Potion            ||     1
 Armour: Leather armour    ||    17
  Dodge: Dodged            ||    28
